 Dungeon Crawl Stone Soup version 0.26-a0-682-g294304f6e8 (console) character file.

Game seed: 5182255802678087735

1899 om the Ducker (level 8, -4/61 HPs)
             Began as a Red Draconian Transmuter on Oct 20, 2020.
             Was a Follower of Sif Muna.
             Slain by Maggie
             ... wielding a +1 morningstar of distortion
              (7 damage)
             ... on level 7 of the Dungeon.
             The game lasted 00:17:16 (9367 turns).

om the Ducker (Red Draconian Transmuter)            Turns: 9367, Time: 00:17:16

Health: -4/61      AC:  7    Str: 15    XL:     8   Next: 93%
Magic:  20/21      EV: 15    Int: 14    God:    Sif Muna [*.....]
Gold:   165        SH:  0    Dex:  9    Spells: 9/13 levels left

rFire    + . .     SeeInvis +   G - +1 long sword {freeze, rElec rC+ rN+ Dex-2}
rCold    + . .     Faith    .   (no shield)
rNeg     + . .     Spirit   .   (armour unavailable)
rPois    .         Reflect  .   (helmet restricted)
rElec    +         Harm     .   (no cloak)
rCorr    .         Rampage  .   h - +0 pair of gloves
MR       .....                  (no boots)
Stlth    +.........             (no amulet)
HPRegen  0.20/turn              m - ring of see invisible
MPRegen  0.17/turn              E - ring of magical power (curse)

@: flying, mesmerised
A: breathe fire, unfitting armour, fire resistance 1, cold-blooded, AC +6
a: Breathe Fire, Channel Magic, Renounce Religion


You were on level 7 of the Dungeon.
You worshipped Sif Muna.
Sif Muna was aware of your devotion.
You visited 1 branch of the dungeon, and saw 7 of its levels.

You collected 369 gold pieces.
You spent 204 gold pieces at shops.

Inventory:

Hand Weapons
 o - a +0 short sword of freezing
 G - the +1 long sword "Foefri" (weapon) {freeze, rElec rC+ rN+ Dex-2}
   (You bought it in a shop on level 4 of the Dungeon)

   It has been specially enchanted to freeze those struck by it, causing extra
   injury to most foes and up to half again as much damage against particularly
   susceptible opponents.
   It can also slow down cold-blooded creatures.
   It affects your dexterity (-2).
   It protects you from cold.
   It insulates you from electricity.
   It protects you from negative energy.
Missiles
 n - 6 javelins (quivered)
Armour
 h - a +0 pair of gloves (worn)
Magical Staves
 r - a cursed staff of death
Jewellery
 m - a ring of see invisible (left hand)
 A - an uncursed ring of fire
 E - a cursed ring of magical power (right hand)
 J - an uncursed ring of protection from magic {unknown}
Wands
 i - a wand of iceblast (4)
 s - a wand of random effects (37)
 H - a wand of flame (25)
Scrolls
 d - a scroll of blinking
 e - 2 scrolls of amnesia {unknown}
 f - 3 scrolls of teleportation
 g - 4 scrolls of identify {unknown}
 k - 3 scrolls of remove curse
 v - a scroll of fog {unknown}
 w - a scroll of noise {unknown}
 y - 2 scrolls of fear {unknown}
 z - a scroll of magic mapping {unknown}
 C - a scroll of enchant armour {unknown}
 D - 2 scrolls of enchant weapon {unknown}
Potions
 a - a potion of mutation {unknown}
 b - a potion of degeneration {unknown}
 c - 3 potions of flight
 j - 2 potions of haste
 l - a potion of brilliance {unknown}
 p - 2 potions of heal wounds {unknown}
 q - 2 potions of curing
 t - 3 potions of lignification {unknown}
 u - a potion of berserk rage {unknown}
 x - a potion of ambrosia {unknown}
 B - a potion of stabbing {unknown}
 F - a potion of experience {unknown}
 I - a potion of might {unknown}


   Skills:
 + Level 2.0 Fighting
 * Level 4.6 Long Blades
 + Level 6.9 Dodging
 - Level 5.0 Unarmed Combat
 + Level 3.0 Spellcasting
 * Level 6.0 Transmutations


You had 9 spell levels left.
You knew the following spells:

 Your Spells              Type           Power        Failure   Level
a - Beastly Appendage     Tmut           ###...       1%          1
b - Spider Form           Tmut/Pois      ##........   19%         3

Your spell library contained the following spells:

 Spells                   Type           Power        Failure   Level
 Wereblood                Tmut           ###.....     2%          2
 Passwall                 Tmut/Erth      ##......     10%         2
 Animate Skeleton         Necr           #.....       22%         1
 Apportation              Tloc           #.....       22%         1
 Corona                   Hex            #......      22%         1
 Sandblast                Erth           #.....       22%         1
 Summon Small Mammal      Summ           #...         22%         1
 Blade Hands              Tmut           ###.......   45%         5
 Ice Form                 Ice/Tmut       ##......     52%         4
 Petrify                  Tmut/Erth      ##......     52%         4
 Stone Arrow              Conj/Erth      #.....       54%         3
 Lee's Rapid Deconstruct  Erth           #.........   99%         5


Dungeon Overview and Level Annotations

Branches:
Dungeon (7/15)
 Temple: D:4-7

Altars:
Cheibriados
Dithmenos
Hepliaklqana
Kikubaaqudgha
Makhleb
Qazlal
Sif Muna
Yredelemnul

Shops:
D:4 (

Annotations:
D:7 Maggie


Innate Abilities, Weirdness & Mutations

You can breathe blasts of fire.
Your fiery red scales are hard. (AC +6)
You cannot fit into any form of body armour.
Your flesh is heat resistant. (rF+)
You are cold-blooded and may be slowed by cold attacks.


Message History

Maggie is heavily wounded.
Your transformation has ended.
The +1 long sword "Foefri" {freeze, rElec rC+ rN+ Dex-2} unmelds from your body.
Your +0 pair of gloves unmelds from your body.
The +1 long sword "Foefri" {freeze, rElec rC+ rN+ Dex-2} glows with a cold blue light!
Maggie misses you.
You riposte.
You hit Maggie. You freeze Maggie.
Maggie is severely wounded.
Okay, then.
Press: ? - help, Dir - move target cursor
Okay, then.
It was a potion of flight.
You feel very buoyant.
You fly up into the air.
Maggie closely misses you.
You riposte.
You hit Maggie but do no damage.
Maggie is severely wounded.
It was a potion of curing.
You feel better. Maggie casts a spell at you. The bolt of fire hits you!
You resist.
* * * LOW HITPOINT WARNING * * *
Maggie hits you but does no damage. Space bends around you.
You die...

##### #.... #.##. #..
#.#.. #.# ########.#..
#.# #.....†..#.. #.#
#........#.. #.#
#........#.. #.####.#
#........#..
#......######........#..
#..@@............#..
#.#######........#.. #.#
#...))#.#'#(. #.#
##.##)#.....# #.#
...#<.#...... #.#
########...... ..#
.......... .##
#########. . #.........
........... ...........


You could see Maggie (mesmerising, fast, extremely poisoned).

Vanquished Creatures
  Sigmund (D:3)
  Duvessa (D:5)
  2 ogres (D:4)
  2 centaurs
  A big kobold (D:7)
  3 bullfrogs
  Dowan (D:5)
  2 scorpions (D:7)
  2 howler monkeys
  A jelly (D:5)
  3 orc wizards
  A bullfrog skeleton (D:5)
  A centaur skeleton (D:7)
  3 hounds
  Ijyb (D:5)
  4 iguanas
  3 worker ants
  A killer bee zombie (D:6)
  A hound zombie (D:3)
  A howler monkey zombie (D:5)
  6 gnolls
  11 adders
  3 white imps
  2 ufetubi
  An ooze (D:6)
  2 adder zombies (D:5)
  4 worms
  2 dart slugs
  3 leopard geckos
  21 orcs
  3 giant cockroaches
  7 goblins
  8 hobgoblins
  6 jackals
  9 kobolds
  2 quokkas
  A ball python skeleton (D:4)
  7 bats
  4 frilled lizards
  2 leopard gecko zombies (D:7)
  5 rats
144 creatures vanquished.

Notes
Turn   | Place    | Note
-------+----------+-------------------------------------------
     0 | D:1      | om the Draconian Transmuter began the quest for the Orb.
     0 | D:1      | Reached XP level 1. HP: 16/16 MP: 3/3
   380 | D:1      | Reached XP level 2. HP: 21/23 MP: 3/5
  1161 | D:2      | Reached XP level 3. HP: 28/28 MP: 4/6
  1294 | D:2      | Found a basalt altar of Yredelemnul.
  1752 | D:2      | Found a burning altar of Makhleb.
  2408 | D:3      | Noticed Sigmund
  2480 | D:3      | Reached XP level 4. HP: 35/36 MP: 7/7
  3196 | D:3      | Found a hazy altar of Hepliaklqana.
  3413 | D:4      | Reached XP level 5. HP: 19/41 MP: 8/8
  3432 | D:4      | Noticed an ogre
  3682 | D:4      | Learned a level 3 spell: Spider Form
  4308 | D:4      | Reached XP level 6. HP: 31/48 MP: 6/10
  4428 | D:4      | Found Ujoum's Antique Weapon Emporium.
  5212 | D:4      | Found a stormy altar of Qazlal.
  5226 | D:4      | Reached skill level 5 in Unarmed Combat
  5373 | D:5      | Entered Level 5 of the Dungeon
  5451 | D:5      | Noticed Ijyb
  5470 | D:5      | Killed Ijyb
  5479 | D:5      | Noticed Duvessa
  5687 | D:5      | Noticed Dowan
  5690 | D:5      | Killed Duvessa
  5690 | D:5      | Reached skill level 5 in Transmutations
  5690 | D:5      | Your scales start taking on a fiery red colour.
  5690 | D:5      | Reached XP level 7. HP: 46/55 MP: 8/11
  5690 | D:5      | Gained mutation: Your flesh is heat resistant. (rF+) [Red
                  | Draconian growth]
  5958 | D:5      | Killed Dowan
  6923 | D:5      | Found an ancient bone altar of Kikubaaqudgha.
  7098 | D:5      | Found a snail-covered altar of Cheibriados.
  7461 | D:6      | Reached skill level 5 in Dodging
  7461 | D:6      | Reached XP level 8. HP: 59/61 MP: 5/12
  8209 | D:7      | Found a shimmering blue altar of Sif Muna.
  8252 | D:7      | Became a worshipper of Sif Muna the Loreminder
  8427 | D:4      | Bought a crystal long sword for 204 gold pieces
  8427 | D:4      | Identified the +1 long sword "Foefri" {freeze, rElec rC+
                  | rN+ Dex-2} (You bought it in a shop on level 4 of the
                  | Dungeon)
  8485 | D:3      | Killed Sigmund
  9154 | D:7      | Found a shadowy altar of Dithmenos.
  9189 | D:7      | Reached * piety under Sif Muna
  9352 | D:7      | Noticed Maggie
  9364 | D:7      | HP: 2/61 [Maggie/+1 morningstar of distortion (17)]
  9367 | D:7      | Slain by Maggie

Illustrated notes

Levels and vault maps discovered:
D:1:      eino_arrival_cavern_e, layout_loops_corners, st_stairs_4
D:2:      layout_loops_corners, yredelemnul_altar_generic, lemuel_doored_altar
D:3:      layout_loops_cross, lemuel_coloured_pillars_altar,
          kennysheep_generic_room_8, uniq_sigmund
D:4:      layout_loops_corners, kennysheep_little_box, serial_shops,
          nicolae_shop_overgrown_old_shop
D:5:      layout_basic, cheibrodos_worm_habitat, basic_altar, uniq_duvessa,
          uniq_ijyb
D:6:      minmay_spotlight, layout_cave_pools
D:7:      layout_basic, nicolae_overflow_crystal_walls, grunt_dithmenos_smoke,
          temple_hall_moat, uniq_maggie

Skill      XL: |  1  2  3  4  5  6  7  8 |
---------------+-------------------------+-----
Dodging        | 2 3 5 6 |  6.9
Fighting       | 2 |  2.0
Transmutations | 3 5 6 |  6.0
Unarmed Combat | 4 5 |  5.0
Spellcasting   | 3 |  3.0
Long Blades    | 4 |  4.6

Action                   |  1- 3 |  4- 6 |  7- 9 || total
-------------------------+-------+-------+-------++-------
Melee: Unarmed           |   108 |    37 |    59 ||   204
       Headbutt          |     8 |     7 |     9 ||    24
       Kick              |     8 |    16 |    21 ||    45
       Punch             |     3 |     2 |     3 ||     8
       Tailslap          |    10 |    21 |    21 ||    52
       Short sword       |     2 |   171 |    99 ||   272
       Long sword        |       |       |    53 ||    53
 Cast: Beastly Appendage |    23 |    11 |    17 ||    51
       Spider Form       |       |     4 |     8 ||    12
 Abil: Breathe Fire      |       |       |    12 ||    12
  Use: Scroll            |       |     4 |       ||     4
       Potion            |       |       |     2 ||     2
 Stab: Sleeping          |       |     1 |     1 ||     2
Armor: Skin              |    33 |    62 |    55 ||   150
Dodge: Dodged            |    73 |   148 |   213 ||   434
       Rpst.: Long sword |       |       |    14 ||    14

Table legend: (Time is in decaauts)
 A = Elapsed time spent in this place.
 B = Non-inter-level travel time spent in this place.
 C = Inter-level travel time spent in this place.
 D = Time resting spent in this place.
 E = Time spent auto-exploring this place.
 F = Levels seen in this place.
 G = Mean time per level.
                   A        B        C        D        E       F      G
               +--------+--------+--------+--------+--------+-----+--------+
         Total |   9416 |   8791 |    625 |   3278 |   4165 |   7 | 1345.1 |
       Dungeon |   9416 |   8791 |    625 |   3278 |   4165 |   7 | 1345.1 |
               +--------+--------+--------+--------+--------+-----+--------+

Top non-repeatable levels by time:
     D:4: 2622 daAuts
     D:3: 1600 daAuts
     D:5: 1380 daAuts
     D:1: 1189 daAuts
     D:2: 1035 daAuts
     D:6: 949 daAuts
     D:7: 639 daAuts
